TOP OF THE 1ST |
Gresham Gold Souls batting - Pitching for Albuquerque Isotopes : RHP Mario López
|
Pitching: RHP Mario López
|
|
Batting: LHB Jeff Douglas
|
0-0: Ball 1-0: Called Strike 1-1: Foul Ball, location: 2F 1-2: Strikes out swinging
|
Batting: RHB Jared Thompson
|
0-0: SINGLE (Line Drive, 56D)
|
Batting: LHB Jeff Forsyth
|
0-0: Called Strike 0-1: Ball 1-1: Ball 2-1: Ball 3-1: Fly out, F7 (Flyball, 78M)
|
Batting: SHB Felipe Castro
|
0-0: Ball 1-0: Ball 2-0: Ball 3-0: Base on Balls Jared Thompson to second
|
Batting: LHB Bill Smith
|
0-0: Ground out U3 (Groundball, 3L)
|
Top of the 1st over - 0 runs, 1 hit, 0 errors, 2 left on base; Gresham 0 - Albuquerque 0 |
BOTTOM OF THE 1ST |
Albuquerque Isotopes batting - Pitching for Gresham Gold Souls : RHP Mike Moyer
|
Pitching: RHP Mike Moyer
|
|
Batting: RHB Javier Peña
|
0-0: Ball 1-0: Ball 2-0: Hit by Pitch
|
Batting: SHB Manuel Hegnauer
|
0-0: SINGLE (Line Drive, 3D) Javier Peña to second
|
Batting: RHB Roberto Tobías
|
0-0: Ball Javier Peña steals 3rd base 1-0: Called Strike 1-1: Ball 2-1: Called Strike 2-2: Foul Ball, location: 2F 2-2: Foul Ball, location: 2F 2-2: Foul Ball, location: 2F 2-2: Foul Ball, location: 2F 2-2: Foul Ball, location: 2F 2-2: Ball 3-2: Base on Balls Manuel Hegnauer to second
|
Batting: SHB Thomas Simmons
|
0-0: Ball 1-0: Ball 2-0: Ball 3-0: Called Strike 3-1: Foul Ball, location: 2F 3-2: Foul Ball, location: 2F 3-2: Base on Balls Javier Peña scores Manuel Hegnauer to third Roberto Tobías to second
|
Batting: RHB Jesse McKnight
|
0-0: Ball 1-0: Swinging Strike 1-1: Ball 2-1: Ball 3-1: SINGLE (Groundball, 4MD) Manuel Hegnauer scores Roberto Tobías to third Thomas Simmons to second
|
Batting: LHB José González
|
0-0: Foul Ball, location: 2F 0-1: Ball 1-1: Fly out, F9 (Flyball, 89M) Runner from 3rd tags up, SCORES, throw made
|
Batting: RHB Piotr Zahn
|
0-0: Called Strike 0-1: Foul Ball, location: 2F 0-2: Ball 1-2: SINGLE (Groundball, 56D) Thomas Simmons to third Jesse McKnight to second Runner from 3rd tries for Home, SAFE, no throw
|
Batting: RHB Martín López
|
0-0: Ball 1-0: Called Strike 1-1: Ball 2-1: Fly out, F3 (Popup, 3SF)
|
Batting: RHB Luis Ortega
|
0-0: Ball 1-0: Ball 2-0: Ball 3-0: Called Strike 3-1: Called Strike 3-2: Strikes out looking
|
Bottom of the 1st over - 4 runs, 3 hits, 0 errors, 2 left on base; Gresham 0 - Albuquerque 4 |
TOP OF THE 2ND |
Gresham Gold Souls batting - Pitching for Albuquerque Isotopes : RHP Mario López
|
Batting: RHB Mario Méndez
|
0-0: Called Strike 0-1: SINGLE (Groundball, 56D)
|
Batting: RHB David Hernández
|
0-0: Ball 1-0: Called Strike 1-1: Fielders Choice at 2nd, 6-4 (Groundball, 6)
|
Batting: RHB Gustavo Pagán
|
0-0: Ball 1-0: Foul Ball, location: 2F 1-1: Ball 2-1: Fly out, F5 (Line Drive, 5)
|
Batting: RHB Willie Houk
|
0-0: Ball 1-0: Foul Ball, location: 2F 1-1: Foul Ball, location: 2F 1-2: Strikes out looking
|
Top of the 2nd over - 0 runs, 1 hit, 0 errors, 1 left on base; Gresham 0 - Albuquerque 4 |
BOTTOM OF THE 2ND |
Albuquerque Isotopes batting - Pitching for Gresham Gold Souls : RHP Mike Moyer
|
Batting: RHB Javier Peña
|
0-0: Ball 1-0: Called Strike 1-1: Ball 2-1: Ground out 4-3 (Groundball, 4)
|
Batting: SHB Manuel Hegnauer
|
0-0: Fly out, F5 (Popup, 5F)
|
Batting: RHB Roberto Tobías
|
0-0: Called Strike 0-1: Foul Ball, location: 2F 0-2: Ball 1-2: Ball 2-2: Fly out, F4 (Line Drive, 4)
|
Bottom of the 2nd over - 0 runs, 0 hits, 0 errors, 0 left on base; Gresham 0 - Albuquerque 4 |
TOP OF THE 3RD |
Gresham Gold Souls batting - Pitching for Albuquerque Isotopes : RHP Mario López
|
Batting: LHB Jeff Douglas
|
0-0: Ball 1-0: Ground out U3 (Groundball, 3)
|
Batting: RHB Jared Thompson
|
0-0: Called Strike 0-1: Ball 1-1: Foul Ball, location: 2F 1-2: Foul Ball, location: 2F 1-2: Strikes out swinging
|
Batting: LHB Jeff Forsyth
|
0-0: Foul Ball, location: 2F 0-1: Called Strike 0-2: Foul Ball, location: 2F 0-2: Ball 1-2: Ball 2-2: Ball 3-2: Foul Ball, location: 2F 3-2: Fly out, F2 (Popup, 25F)
|
Top of the 3rd over - 0 runs, 0 hits, 0 errors, 0 left on base; Gresham 0 - Albuquerque 4 |
BOTTOM OF THE 3RD |
Albuquerque Isotopes batting - Pitching for Gresham Gold Souls : RHP Mike Moyer
|
Batting: SHB Thomas Simmons
|
0-0: Called Strike 0-1: Foul Ball, location: 2F 0-2: Strikes out swinging
|
Batting: RHB Jesse McKnight
|
0-0: Ball 1-0: Ball 2-0: Foul Ball, location: 2F 2-1: Foul Ball, location: 2F 2-2: Ball 3-2: Base on Balls
|
Batting: LHB José González
|
0-0: Called Strike 0-1: Called Strike 0-2: Ball 1-2: Ball 2-2: Foul Ball, location: 2F 2-2: Ball 3-2: Base on Balls Jesse McKnight to second
|
Batting: RHB Piotr Zahn
|
0-0: Swinging Strike 0-1: Called Strike 0-2: Ball 1-2: Ball 2-2: Ball 3-2: Strikes out swinging
|
Batting: RHB Martín López
|
0-0: Swinging Strike 0-1: Swinging Strike 0-2: Ball 1-2: Strikes out swinging
|
Bottom of the 3rd over - 0 runs, 0 hits, 0 errors, 2 left on base; Gresham 0 - Albuquerque 4 |
TOP OF THE 4TH |
Gresham Gold Souls batting - Pitching for Albuquerque Isotopes : RHP Mario López
|
Batting: SHB Felipe Castro
|
0-0: Called Strike 0-1: Called Strike 0-2: Strikes out looking
|
Batting: LHB Bill Smith
|
0-0: Fly out, F8 (Flyball, 8LD)
|
Batting: RHB Mario Méndez
|
0-0: Called Strike 0-1: Foul Ball, location: 2F 0-2: Foul Ball, location: 2F 0-2: Foul Ball, location: 2F 0-2: Ball 1-2: Fly out, F5 (Popup, 5F)
|
Top of the 4th over - 0 runs, 0 hits, 0 errors, 0 left on base; Gresham 0 - Albuquerque 4 |
BOTTOM OF THE 4TH |
Albuquerque Isotopes batting - Pitching for Gresham Gold Souls : RHP Mike Moyer
|
Batting: RHB Luis Ortega
|
0-0: Ball 1-0: Foul Ball, location: 2F 1-1: Foul Ball, location: 2F 1-2: Strikes out swinging
|
Batting: RHB Javier Peña
|
0-0: Ball 1-0: Swinging Strike 1-1: Ball 2-1: Ground out 4-3 (Groundball, 4)
|
Batting: SHB Manuel Hegnauer
|
0-0: Ground out 5-3 (Groundball, 56)
|
Bottom of the 4th over - 0 runs, 0 hits, 0 errors, 0 left on base; Gresham 0 - Albuquerque 4 |
TOP OF THE 5TH |
Gresham Gold Souls batting - Pitching for Albuquerque Isotopes : RHP Mario López
|
Batting: RHB David Hernández
|
0-0: Called Strike 0-1: DOUBLE (Flyball, 9LD)
|
Batting: RHB Gustavo Pagán
|
0-0: Ground out 1-3 (Groundball, 13S) David Hernández to third
|
Batting: RHB Willie Houk
|
0-0: Ball 1-0: Ball 2-0: Ball 3-0: Base on Balls
|
Batting: LHB Jeff Douglas
|
0-0: Ball 1-0: Swinging Strike 1-1: DOUBLE (Flyball, 78XD) David Hernández scores Willie Houk to third
|
Batting: RHB Jared Thompson
|
0-0: Ball 1-0: Ground out 1-3 (Groundball, 13)
|
Batting: LHB Jeff Forsyth
|
0-0: Called Strike 0-1: Ball 1-1: Ball 2-1: Ball 3-1: Foul Ball, location: 2F 3-2: SINGLE (Line Drive, 8LS) Willie Houk scores Jeff Douglas to third Jeff Douglas scores
|
Batting: SHB Felipe Castro
|
0-0: Swinging Strike 0-1: Swinging Strike 0-2: Strikes out swinging
|
Top of the 5th over - 3 runs, 3 hits, 0 errors, 1 left on base; Gresham 3 - Albuquerque 4 |
BOTTOM OF THE 5TH |
Albuquerque Isotopes batting - Pitching for Gresham Gold Souls : RHP Mike Moyer
|
Batting: RHB Roberto Tobías
|
0-0: Ball 1-0: Ball 2-0: Ball 3-0: Base on Balls
|
Pitching: RHP Fernando Gutiérrez
|
|
Batting: SHB Thomas Simmons
|
0-0: Foul Ball, location: 2F 0-1: Ball 1-1: Ball 2-1: Foul Ball, location: 2F 2-2: Ball 3-2: DOUBLE (Line Drive, 9LM) Roberto Tobías to third
|
Batting: RHB Jesse McKnight
|
0-0: Swinging Strike 0-1: Ball 1-1: Ball 2-1: Called Strike 2-2: Strikes out looking
|
Batting: LHB José González
|
0-0: Intentional Walk
|
Batting: RHB Piotr Zahn
|
0-0: Ball 1-0: Ball 2-0: Ball 3-0: Called Strike 3-1: Base on Balls Roberto Tobías scores Thomas Simmons to third José González to second
|
Batting: RHB Martín López
|
0-0: Called Strike 0-1: Ball 1-1: Ball 2-1: Ball 3-1: Base on Balls Thomas Simmons scores José González to third Piotr Zahn to second
|
Batting: RHB Luis Ortega
|
0-0: Ball 1-0: Ball 2-0: Fly out, F8 (Flyball, 8LD) Runner from 3rd tags up, SCORES, throw made
|
Batting: RHB Javier Peña
|
0-0: Called Strike 0-1: Ground out 5-3 (Groundball, 5S)
|
Bottom of the 5th over - 3 runs, 1 hit, 0 errors, 2 left on base; Gresham 3 - Albuquerque 7 |
TOP OF THE 6TH |
Gresham Gold Souls batting - Pitching for Albuquerque Isotopes : RHP Mario López
|
Batting: LHB Bill Smith
|
0-0: Foul Ball, location: 2F 0-1: Called Strike 0-2: Strikes out looking
|
Batting: RHB Mario Méndez
|
0-0: Swinging Strike 0-1: Ball 1-1: Ball 2-1: Ball 3-1: Base on Balls
|
Batting: RHB David Hernández
|
0-0: Called Strike 0-1: Ground out 3-1 (Groundball, 34) Mario Méndez to second
|
Batting: RHB Gustavo Pagán
|
0-0: Ball 1-0: Ball 2-0: Called Strike Passed Ball! Mario Méndez to third 2-1: Foul Ball, location: 2F 2-2: Ball 3-2: Foul Ball, location: 2F 3-2: Strikes out swinging
|
Top of the 6th over - 0 runs, 0 hits, 0 errors, 1 left on base; Gresham 3 - Albuquerque 7 |
BOTTOM OF THE 6TH |
Albuquerque Isotopes batting - Pitching for Gresham Gold Souls : RHP Fernando Gutiérrez
|
Batting: SHB Manuel Hegnauer
|
0-0: Foul Ball, location: 2F 0-1: Ball 1-1: Called Strike 1-2: Ground out 6-3 (Groundball, 6)
|
Batting: RHB Roberto Tobías
|
0-0: Ball 1-0: Swinging Strike 1-1: Ground out U3 (Groundball, 34S)
|
Batting: SHB Thomas Simmons
|
0-0: Ball 1-0: Fly out, F6 (Popup, 56)
|
Bottom of the 6th over - 0 runs, 0 hits, 0 errors, 0 left on base; Gresham 3 - Albuquerque 7 |
TOP OF THE 7TH |
Gresham Gold Souls batting - Pitching for Albuquerque Isotopes : RHP Mario López
|
Batting: RHB Willie Houk
|
0-0: Fly out, F8 (Flyball, 8RS)
|
Batting: LHB Jeff Douglas
|
0-0: Ball 1-0: Ball 2-0: Ball 3-0: Called Strike 3-1: Foul Ball, location: 2F 3-2: Base on Balls
|
Batting: RHB Jared Thompson
|
0-0: Ball 1-0: Swinging Strike 1-1: Swinging Strike Error on foul ball, E2 1-2: Ball 2-2: SINGLE (Line Drive, 89S) Jeff Douglas to second
|
Pitching: RHP António Córdova
|
|
Batting: LHB Jeff Forsyth
|
0-0: Ball 1-0: Swinging Strike 1-1: Ball 2-1: 3-RUN HOME RUN (Flyball, 9D), Distance : 375 ft
|
Batting: SHB Felipe Castro
|
0-0: Called Strike 0-1: DOUBLE (Line Drive, 89D)
|
Batting: LHB Bill Smith
|
0-0: Ball 1-0: Called Strike 1-1: Called Strike 1-2: Strikes out looking
|
Batting: RHB Mario Méndez
|
0-0: Ball 1-0: Foul Ball, location: 2F 1-1: Foul Ball, location: 2F 1-2: Ball 2-2: Strikes out looking
|
Top of the 7th over - 3 runs, 3 hits, 1 error, 1 left on base; Gresham 6 - Albuquerque 7 |
BOTTOM OF THE 7TH |
Albuquerque Isotopes batting - Pitching for Gresham Gold Souls : RHP Fernando Gutiérrez
|
Pitching: RHP Ramón Marerro
|
|
Batting: RHB Jesse McKnight
|
0-0: Called Strike 0-1: Swinging Strike 0-2: Foul Ball, location: 2F 0-2: Ball 1-2: Ground out U3 (Groundball, 34)
|
Batting: LHB José González
|
0-0: Called Strike 0-1: Called Strike 0-2: Strikes out swinging
|
Batting: RHB Piotr Zahn
|
0-0: Ball 1-0: SINGLE (Flyball, 9S)
|
Pinch Hitting: LHB Fernando Ortíz
|
0-0: Called Strike 0-1: Foul Ball, location: 2F 0-2: Ball 1-2: Ball 2-2: Ball 3-2: Fly out, F7 (Flyball, 7S)
|
Bottom of the 7th over - 0 runs, 1 hit, 0 errors, 1 left on base; Gresham 6 - Albuquerque 7 |
BOTTOM OF THE 8TH |
Albuquerque Isotopes batting - Pitching for Gresham Gold Souls : RHP Ramón Marerro
|
Now at 2B: Alberto Chávez
|
|
Now at 3B: Augusto Baiano
|
|
Batting: RHB Luis Ortega
|
0-0: Called Strike 0-1: Swinging Strike 0-2: Strikes out swinging
|
Batting: RHB Javier Peña
|
0-0: Swinging Strike 0-1: Called Strike 0-2: Ball 1-2: Foul Ball, location: 2F 1-2: Ball 2-2: SINGLE (Line Drive, 4)
|
Batting: SHB Manuel Hegnauer
|
0-0: Ball 1-0: Foul Ball, location: 2F 1-1: Ball 2-1: Ground out U3 (Groundball, 34S) Javier Peña to second
|
Batting: RHB Roberto Tobías
|
0-0: Called Strike 0-1: Foul Ball, location: 2F 0-2: 2-RUN HOME RUN (Flyball, 7LD), Distance : 370 ft
|
Pitching: LHP Gabriel Rodríguez
|
|
Batting: SHB Thomas Simmons
|
0-0: Ball 1-0: Fly out, F9 (Flyball, 9S)
|
Bottom of the 8th over - 2 runs, 2 hits, 0 errors, 0 left on base; Gresham 6 - Albuquerque 9 |
TOP OF THE 9TH |
Gresham Gold Souls batting - Pitching for Albuquerque Isotopes : RHP Germán Hernández
|
Pitching: RHP Manuel Montoya
|
|
Batting: RHB Jared Thompson
|
0-0: Ball 1-0: Swinging Strike 1-1: Foul Ball, location: 2F 1-2: Strikes out swinging
|
Batting: LHB Jeff Forsyth
|
0-0: Fly out, F7 (Flyball, 78M)
|
Batting: SHB Felipe Castro
|
0-0: Called Strike 0-1: Ball 1-1: Ball 2-1: Called Strike 2-2: Ball 3-2: Foul Ball, location: 2F 3-2: Foul Ball, location: 2F 3-2: Fly out, F3 (Line Drive, 34)
|
Top of the 9th over - 0 runs, 0 hits, 0 errors, 0 left on base; Gresham 6 - Albuquerque 9 |
|